 Dungeon Crawl Stone Soup version 0.25-b1-37-g2669288c55 (webtiles) character file.

Game seed: 13029078415314341805

2401 gruber the Thaumaturge (level 9, -13/45 HPs)
             Began as a Deep Elf Fire Elementalist on June 5, 2020.
             Mangled by Harold
             ... wielding a +0 trident
              (16 damage)
             ... on level 7 of the Dungeon.
             The game lasted 00:10:52 (7839 turns).

gruber the Thaumaturge (Deep Elf Fire Elementalist) Turns: 7839, Time: 00:10:52

Health: -13/45     AC:  5    Str:  5    XL:     9   Next: 23%
Magic:  10/27      EV: 13    Int: 24    God:
Gold:   278        SH:  0    Dex: 15    Spells: 16/32 levels left

rFire    . . .     SeeInvis .   (no weapon)
rCold    . . .     Gourm    .   (no shield)
rNeg     . . .     Faith    .   p - +2 robe {Archmagi}
rPois    .         Spirit   .   (no helmet)
rElec    .         Reflect  .   x - +0 cloak
rCorr    .         Harm     .   (no gloves)
MR       .....                  (no boots)
Stlth    ++........             g - amulet of inaccuracy (curse)
HPRegen  0.15/turn              z - ring of wizardry
MPRegen  0.20/turn              (no ring)

@: no status effects
A: no striking features
a: no special abilities


You were on level 7 of the Dungeon.
You were not hungry.

You visited 2 branches of the dungeon, and saw 8 of its levels.

You collected 278 gold pieces.

Inventory:

Armour
 a - a +0 robe
 p - a +2 robe of the Archmagi (worn)
 x - a +0 cloak (worn)
Jewellery
 g - a cursed amulet of inaccuracy (around neck)
 q - an uncursed amulet of guardian spirit
 z - a ring of wizardry (left hand)
 E - a cursed -4 ring of strength {unknown}
Wands
 F - a wand of flame (15)
Scrolls
 b - 5 scrolls of teleportation
 e - a scroll of identify
 f - a scroll of amnesia {unknown}
 h - a scroll of holy word {unknown}
 i - a scroll of fog {unknown}
 l - 2 scrolls of noise {unknown}
 m - 2 scrolls of fear {unknown}
 n - a scroll of enchant armour {unknown}
 o - 5 scrolls of remove curse {unknown}
 t - 2 scrolls of magic mapping {unknown}
 y - a scroll of blinking {unknown}
 A - a scroll of summoning {unknown}
 G - a scroll of enchant weapon {unknown}
Potions
 d - 2 potions of lignification
 j - 4 potions of curing
 k - 2 potions of berserk rage
 r - a potion of heal wounds
 s - 3 potions of haste
 u - 3 potions of ambrosia {unknown}
 v - a potion of might {unknown}
 w - 2 potions of stabbing {unknown}
 B - a potion of magic {unknown}
 C - a potion of brilliance {unknown}
Comestibles
 c - 11 rations


   Skills:
 - Level 2.4 Dodging
 - Level 2.4 Stealth
 - Level 12.3 Spellcasting
 - Level 5.9 Conjurations
 - Level 7.0 Fire Magic
 + Level 1.4 Ice Magic


You had 16 spell levels left.
You knew the following spells:

 Your Spells              Type           Power        Failure   Level  Hunger
a - Foxfire               Conj/Fire      ####         1%          1    None
b - Conjure Flame         Conj/Fire      ######..     1%          3    None
c - Sticky Flame          Conj/Fire      ######..     1%          4    None
d - Fireball              Conj/Fire      ######....   3%          5    ###....
e - Frozen Ramparts       Ice            ####..       2%          3    None

Your spell library contained the following spells:

 Spells                   Type           Power        Failure   Level  Hunger
 Freeze                   Ice            ####         1%          1    None
 Inner Flame              Hex/Fire       #####...     1%          3    None
 Hailstorm                Conj/Ice       #####...     3%          4    None
 Ozocubu's Armour         Chrm/Ice       ####....     4%          3    None
 Summon Ice Beast         Ice/Summ       ####....     12%         4    None


Dungeon Overview and Level Annotations

Branches:
Dungeon (7/15)             Temple (1/1) D:4

Altars:
Cheibriados
Dithmenos
Elyvilon
Fedhas
Hepliaklqana
Makhleb
Nemelex Xobeh
Ru
Trog
Uskayaw
Wu Jian
Zin
Lugonu

Annotations:
D:7 Harold


Message History

You are yanked forward by the harpoon shot.
Casting: Conjure Flame (safe; 1% risk of failure)
Confirm with . or Enter, or press ? or * to list all spells.
You feel a surge of power!
The fire begins to smolder!
Harold hits you with a +0 trident!
* * * LOW HITPOINT WARNING * * *
The fire ignites!
Evoke which item? (* to show all) (? for menu, Esc to quit)
Okay, then.
Unknown command.
Casting: Conjure Flame (safe; 1% risk of failure)
Confirm with . or Enter, or press ? or * to list all spells.
Aiming: Sticky Flame (dangerous; 1% risk of failure)
Press: ? - help, Shift-Dir - straight line, f - Harold
Aim: Harold, wielding a +0 trident, wearing a +0 chain mail and quivering a throwing net (moderately wounded)
You feel a surge of power!
The sticky flame hits Harold.
Harold is moderately wounded.
Harold is covered in liquid flames!
Harold burns!
Harold hits you with a +0 trident!
You die...

### ####### #.##
..##..####..## #
.......#....<# ###.#
.......((....## .....
.......(..(...### ......
......(.(.)..ยง..###......
.....##(####....#........
.....##().......@@.......
.................#.....##
.......(......#(.#.../.#
.........##...##.........
.........###.............
##........##..........##.
.........#............#
.........##............
#.....>.###........#..


You could see Harold (burning).

Vanquished Creatures
  Pikel (D:6)
  A water moccasin (D:5)
  2 ice beasts
  A slave (D:6)
  An orc warrior (D:6)
  A black bear (D:7)
  A phantom (D:5)
  2 ogres (D:6)
  A centaur (D:7)
  A big kobold (D:7)
  A bullfrog (D:6)
  3 scorpions (D:5)
  A howler monkey (D:4)
  2 crimson imps (D:7)
  4 centaur skeletons
  2 hounds
  A jelly (D:6)
  A bullfrog skeleton (D:6)
  Jessica (D:3)
  A gnoll shaman (D:5)
  4 orc wizards
  2 hound zombies (D:6)
  2 hound skeletons
  12 gnolls
  8 adders
  2 shadow imps (D:6)
  An adder zombie (D:5)
  2 adder skeletons
  2 worms
  A dart slug (D:1)
  4 leopard geckos
  10 orcs
  13 bats
  9 giant cockroaches
  6 goblins
  9 hobgoblins
  3 jackals (D:5)
  13 kobolds
  5 quokkas
  A ball python skeleton (D:5)
  6 frilled lizards
  A jackal zombie (D:5)
  2 quokka skeletons
  7 rats
154 creatures vanquished.

Vanquished Creatures (collateral kills)
  A goblin (D:3)
  A rat (D:1)
2 creatures vanquished.

Vanquished Creatures (others)
  677 foxfires
677 creatures vanquished.

Grand Total: 833 creatures vanquished

Notes
Turn   | Place    | Note
-------+----------+-------------------------------------------
     0 | D:1      | gruber the Deep Elf Fire Elementalist began the quest for
                  | the Orb.
     0 | D:1      | Reached XP level 1. HP: 10/10 MP: 6/6
   222 | D:1      | Reached XP level 2. HP: 15/15 MP: 1/8
  1072 | D:2      | You fall into a shaft and drop 2 floors!
  1196 | D:4      | Found a blossoming altar of Fedhas.
  1208 | D:4      | Found a staircase to the Ecumenical Temple.
  1276 | Temple   | Entered the Ecumenical Temple
  1369 | D:4      | Noticed a howler monkey
  1381 | D:4      | Killed a howler monkey
  1381 | D:4      | Reached skill level 4 in Spellcasting
  1381 | D:4      | Reached XP level 3. HP: 19/19 MP: 4/10
  1484 | D:4      | Reached XP level 4. HP: 21/24 MP: 8/12
  1890 | D:3      | Noticed Jessica
  1896 | D:3      | Killed Jessica
  1896 | D:3      | Reached XP level 5. HP: 28/28 MP: 8/14
  2160 | D:3      | Found a sacrificial altar of Ru.
  2371 | D:3      | Reached skill level 5 in Spellcasting
  2606 | D:3      | Reached skill level 5 in Fire Magic
  2781 | D:3      | Learned a level 3 spell: Conjure Flame
  2786 | D:3      | Learned a level 4 spell: Sticky Flame
  2792 | D:3      | Learned a level 5 spell: Fireball
  3127 | D:2      | Noticed a +0 hand axe
  3128 | D:2      | Found a hide-covered altar of Uskayaw.
  3128 | D:2      | Noticed a +0 hand axe
  3322 | D:2      | Reached XP level 6. HP: 32/32 MP: 10/15
  3507 | D:2      | Found a white marble altar of Elyvilon.
  4004 | D:4      | Found a burning altar of Makhleb.
  4253 | D:5      | Entered Level 5 of the Dungeon
  4400 | D:5      | Noticed a water moccasin
  4406 | D:5      | Killed a water moccasin
  4411 | D:5      | Reached skill level 5 in Conjurations
  4496 | D:5      | Reached XP level 7. HP: 26/36 MP: 8/16
  5195 | D:5      | Reached skill level 6 in Spellcasting
  5940 | D:6      | Reached skill level 7 in Spellcasting
  5940 | D:6      | Reached XP level 8. HP: 41/41 MP: 9/20
  6087 | D:6      | Reached skill level 8 in Spellcasting
  6095 | D:6      | Reached skill level 9 in Spellcasting
  6829 | D:6      | Noticed Pikel
  6860 | D:6      | Killed Pikel
  6860 | D:6      | Reached skill level 11 in Spellcasting
  6860 | D:6      | Reached XP level 9. HP: 12/45 MP: 9/26
  7171 | D:6      | Found a sparkling altar of Nemelex Xobeh.
  7449 | D:7      | Reached skill level 12 in Spellcasting
  7739 | D:6      | Learned a level 3 spell: Frozen Ramparts
  7825 | D:7      | Noticed Harold
  7830 | D:7      | Reached skill level 1 in Ice Magic
  7839 | D:7      | Mangled by Harold

Illustrated notes

Levels and vault maps discovered:
D:1:      lightli_arrival_statuegarden, layout_loops_ring
D:2:      layout_rooms, dancing_weapons_uskayaw, elyvilon_altar_1, first_ration
D:3:      layout_basic, nicolae_ru_path_of_blood, uniq_jessica
D:4:      layout_cave_pods, old_standard_altar, makhleb_blood_cavern_becter,
          minmay_temple_entry_crystal_x, sigmund_army
D:5:      layout_loops_ring
D:6:      layout_basic, lemuel_crystal_altar, kennysheep_dice, uniq_pikel
D:7:      layout_cave_pools, palyth_temple_overflow_mages,
          kennysheep_little_box, nicolae_overflow_hidden_temple, uniq_harold
Temple:   corrupted_temple

Skill      XL: |  1  2  3  4  5  6  7  8  9 |
---------------+----------------------------+-----
Fire Magic     | 4 5 6 7 |  7.0
Spellcasting   | 4 5 7 11 12 | 12.3
Conjurations   | 2 3 5 |  5.9
Ice Magic      | 1 |  1.4
Dodging        | |  2.4
Stealth        | |  2.4

Action                   |  1- 3 |  4- 6 |  7- 9 || total
-------------------------+-------+-------+-------++-------
Melee: Unarmed           |       |     1 |     2 ||     3
 Cast: Foxfire           |    50 |   169 |   256 ||   475
       Frozen Ramparts   |       |       |     3 ||     3
       Conjure Flame     |       |       |     2 ||     2
       Sticky Flame      |       |       |     2 ||     2
  Use: Scroll            |       |       |     8 ||     8
  Eat: Chunk             |     2 |     9 |    10 ||    21
Armor: Robe              |     3 |     6 |    16 ||    25
Dodge: Dodged            |    13 |    23 |    58 ||    94
